 Dungeon Crawl Stone Soup version 0.22-a0-565-gfc6459a (webtiles) character file.

25 iamserjio the Ruffian (level 2, -3/25 HPs)
             Began as a Draconian Skald on June 28, 2018.
             Slain by a worm (5 damage)
             ... on level 3 of the Dungeon.
             The game lasted 00:02:32 (419 turns).

iamserjio the Ruffian (Draconian Skald)              Turns: 419, Time: 00:02:33

Health: -3/25      AC:  4    Str: 13    XL:     2   Next: 86%
Magic:  5/5        EV: 12    Int: 13    God:
Gold:   52         SH:  0    Dex: 10    Spells: 2/5 levels left

rFire    . . .     SeeInvis .     - Unarmed
rCold    . . .     Gourm    .   (no shield)
rNeg     . . .     Faith    .   (armour unavailable)
rPois    .         Spirit   .   (helmet restricted)
rElec    .         Reflect  .   (no cloak)
rCorr    .         Harm     .   (no gloves)
MR       .....                  (no boots)
Stlth    +.........             (no amulet)
HPRegen  0.08/turn              (no ring)
MPRegen  0.09/turn              (no ring)

@: no status effects
A: unfitting armour, cold-blooded, AC +4
a: no special abilities


You were on level 3 of the Dungeon.
You were not hungry.

You visited 1 branch of the dungeon, and saw 3 of its levels.

You collected 52 gold pieces.

Inventory:

Jewellery
 d - an uncursed ring of fire {unknown}
Scrolls
 a - a scroll of fear {unknown}
 e - a scroll of amnesia {unknown}
 g - a scroll of immolation {unknown}
 i - a scroll of remove curse {unknown}
Potions
 c - a potion of curing {unknown}
 f - a potion of lignification {unknown}
 h - a potion of resistance {unknown}
Comestibles
 b - 2 rations


   Skills:
 + Level 2.7 Fighting
 - Level 2.1 Dodging
 * Level 3.0 Unarmed Combat
 - Level 2.0 Spellcasting
 + Level 2.7 Charms


You had 2 spell levels left.
You knew the following spells:

 Your Spells              Type           Power        Failure   Level  Hunger
a - Infusion              Chrm           #...         9%          1    ##.....
b - Song of Slaying       Chrm           #.......     12%         2    ###....

Your spell library contained the following spells:

 Spells                   Type           Power        Failure   Level  Hunger
 Regeneration             Chrm/Necr      #.........   41%         3    ####...
 Shroud of Golubria       Chrm/Tloc      #.........   22%         2    ###....
 Spectral Weapon          Hex/Chrm       #.......     41%         3    ####...


Dungeon Overview and Level Annotations

Branches:
Dungeon (3/15)

Altars:


Innate Abilities, Weirdness & Mutations

Your plain brown scales are hard. (AC +4)
You cannot fit into any form of body armour.
You are cold-blooded and may be slowed by cold attacks.


Message History

You barely miss the orc.
The orc is severely wounded.
The worm closely misses you.
You hit the orc.
You kill the orc!
Your Unarmed Combat skill increases to level 3!
You closely miss the rat. The rat barely misses you.
The worm bites you but does no damage.
You hit the rat but do no damage. The rat bites you but does no damage.
You closely miss the rat. The worm bites you.
* * * LOW HITPOINT WARNING * * *
The rat bites you but does no damage.
You closely miss the rat. The rat misses you. The worm bites you.
* * * LOW HITPOINT WARNING * * *
You completely miss the rat. The rat bites you.
* * * LOW HITPOINT WARNING * * *
You closely miss the rat.
An orc priest comes into view.
The worm bites you.
You die...

. ..#####
....... #
<......###.#
#......w@r.#
..####.###o#
#. # #. #.
.. .. ##


You could see a worm, an orc priest (wandering) and a rat.

Vanquished Creatures
  A worm (D:2)
  A dart slug (D:1)
  A leopard gecko (D:1)
  2 orcs (D:3)
  3 goblins (D:1)
  A hobgoblin (D:2)
  2 kobolds
  A ball python (D:1)
  5 bats
  A frilled lizard (D:1)
  A rat (D:1)
19 creatures vanquished.

Notes
Turn   | Place    | Note
-------+----------+-------------------------------------------
     0 | D:1      | iamserjio the Draconian Skald began the quest for the Orb.
     0 | D:1      | Reached XP level 1. HP: 17/17 MP: 3/3
   224 | D:1      | Reached XP level 2. HP: 20/25 MP: 5/5
   336 | D:2      | Learned a level 2 spell: Song of Slaying
   413 | D:3      | Reached skill level 3 in Unarmed Combat
   419 | D:3      | Slain by a worm

Vault maps used:
D:1:      eino_arrival_cavern_e, minmay_misc_feat_hallway
D:2:      yredelemnul_forgotten_temple_becter, amethyst_overflow_temple_binary,
          item_on_display_a
D:3:      gammafunk_steamed_eel

Skill      XL: |  1  2 |
---------------+-------+-----
Unarmed Combat | 3 |  3.0
Fighting       | |  2.7
Dodging        | |  2.1
Spellcasting   | |  2.0
Charms         | |  2.7

Action                   || total
-------------------------++-------
Melee: Unarmed           ||    92
       Tailslap          ||     8
 Cast: Infusion          ||     2
Armor: Skin              ||    41
Dodge: Dodged            ||    74

Table legend:
 A = Spawn XP
 B = Non-spawn XP
 C = Spawn XP percentage of total XP
 D = Spawn monster count
 E = Non-spawn monster count
 F = Spawn count percentage of total count
 G = Total turns spent on level
                    A         B        C        D         E        F      G
               +---------+---------+-------+---------+---------+-------+---------
         Total |       0 |      37 |   0.0 |       0 |      19 |   0.0 |   419
               +---------+---------+-------+---------+---------+-------+---------
           D:1 |       0 |      19 |   0.0 |       0 |      12 |   0.0 |   325
           D:2 |       0 |      12 |   0.0 |       0 |       5 |   0.0 |    76
           D:3 |       0 |       6 |   0.0 |       0 |       2 |   0.0 |    18
               +---------+---------+-------+---------+---------+-------+---------
